 Dungeon Sprint DCSS version 0.29-a0-103-g37f86683bf (webtiles) character file.

Game seed: 18181566730274547275

0 zazu2006 the Vexing (level 1, -3/18 HPs)
             Began as a Naga Arcane Marksman on Feb 15, 2022.
             Slain by Terence (4 damage)
             ... in the Dungeon (Sprint VI: "Thunderdome").
             The game lasted 00:00:38 (20 turns).

zazu2006 the Vexing (Naga Arcane Marksman)            Turns: 20, Time: 00:00:39

Health: -3/18      AC:  1    Str: 12    XL:     1   Next: 20%
Magic:  2/2        EV: 10    Int: 13    God:
Gold:   200        SH:  0    Dex: 11    Spells: 1/2 levels left

rFire   . . .      SeeInvis +   a - +0 shortbow
rCold   . . .      Faith    .   (shield currently unavailable)
rNeg    . . .      Spirit   .   j - +0 robe
rPois   +          Reflect  .   (no helmet)
rElec   .          Harm     .   (no cloak)
rCorr   .          Rampage  .   (no gloves)
Will    .....      NoTele   +   (no barding)
Stlth   +.........              (no amulet)
HPRegen 0.06/turn               (no ring)
MPRegen 0.08/turn               (no ring)

@: very slow
A: AC +0, large, see invisible, deformed body, poison resistance, slowness 2,
spit poison 1, naga tail 1
a: Spit Poison


You were in the Dungeon.
You visited 1 branch You collected 200 gold pieces.

Inventory:

Hand Weapons
 a - a +0 shortbow (weapon)
Missiles
 c - 15 arrows (quivered ammo)
Armour
 j - a +0 robe (worn)
Wands
 k - a wand of acid (5)
 l - a wand of iceblast (5)
Scrolls
 i - 4 scrolls of blinking
 m - 3 scrolls of fog
Potions
 b - a potion of resistance
 d - a potion of curing
 e - 4 potions of heal wounds
 f - 4 potions of haste
 g - 2 potions of magic
 h - a potion of berserk rage


   Skills:
 + Level 1.0 Fighting
 + Level 1.9 Bows
 + Level 1.7 Dodging
 + Level 1.2 Spellcasting
 + Level 3.3 Hexes


You had one spell level left.
You knew the following spells:

 Your Spells              Type           Power      Damage    Failure   Level
a - Slow                  Hex            36%        N/A       7%          1

Your spell library contained the following spells:

 Spells                   Type           Power      Damage    Failure   Level
 Inner Flame              Hex/Fire       5%         N/A       38%         3
 Portal Projectile        Hex/Tloc       10%        N/A       38%         3
 Cause Fear               Hex            4%         N/A       56%         4


Dungeon Overview and Level Annotations

Branches:
Dungeon (1/1)

Altars:
Dithmenos
Fedhas
Gozag
Kikubaaqudgha
Makhleb
Okawaru
Ru
Sif Muna
Trog
Xom
Zin
The Shining One
Beogh

Shops:
D *[?*(

Annotations:
D Terence


Innate Abilities, Weirdness & Mutations

Your serpentine skin is tough. (AC +0)
You have supernaturally acute eyesight. (SInv)
Armour fits poorly on your strangely shaped body.
Your system is resistant to poisons. (rPois)
You cover ground very slowly.
You can spit poison.
You have a snake-like lower body.


Message History

Terence the Incautious comes into view.
He is wielding a +0 falchion.
Found a glowing golden altar of the Shining One and an opulent altar of Gozag.
Found a shimmering altar of Xom.
Terence shouts!
Found an ancient bone altar of Kikubaaqudgha.
Found Utrypty's Weapon Rack and Immuff's Premium Goods.
Found an iron altar of Okawaru and a shimmering blue altar of Sif Muna.
Okay, then.
Fire: 20 arrows
Press: ? - help, Q - select action, (/) - cycle Shift-Dir - straight line, f - kobold
Aim: a kobold, wielding a +0 short sword (45% to hit)
You shoot an arrow. The arrow barely misses the kobold.
The arrow barely misses Terence.
The kobold closely misses you.
Fire: 19 arrows
Press: ? - help, Q - select action, (/) - cycle Shift-Dir - straight line, f/p - kobold
Aim: a kobold, wielding a +0 short sword (45% to hit)
You shoot an arrow.
The arrow hits the kobold but does no damage.
The kobold hits you with a +0 short sword.
Fire: 18 arrows
Press: ? - help, Q - select action, (/) - cycle Shift-Dir - straight line, f/p - kobold
Aim: a kobold, wielding a +0 short sword (45% to hit)
You shoot an arrow. The arrow hits the kobold.
You kill the kobold!
Terence hits you with a +0 falchion.
Fire: 17 arrows
Press: ? - help, Q - select action, (/) - cycle Shift-Dir - straight line, f - Terence
Aim: Terence, wielding a +0 falchion and wearing a +0 ring mail (58% to hit)
You shoot an arrow. The arrow hits Terence.
Terence is lightly wounded.
Terence hits you with a +0 falchion!
* * * LOW HITPOINT WARNING * * *
Fire: 16 arrows
Press: ? - help, Q - select action, (/) - cycle Shift-Dir - straight line, f/p - Terence
Aim: Terence, wielding a +0 falchion and wearing a +0 ring mail (lightly wounded, 58% to hit)
You shoot an arrow. The arrow hits Terence.
Terence is heavily wounded.
Terence hits you with a +0 falchion.
You die...

#._._......# ......
∩........8.# .8......
...........###........
........###...# ....
........# #.<.# .....
........# #...###.....
...........###(.......
∩........8. #@8......
#∩___.....@ #@.....__
######.8.........8.###
#⌠...........⌠#
###.........###
#_......._#
#_........#
#_........#
#∩.......∩#


You could see Terence.

Vanquished Creatures
  A kobold (D)
1 creature vanquished.

Notes
Turn   | Place    | Note
-------+----------+-------------------------------------------
     0 | D        | zazu2006 the Naga Arcane Marksman began the quest for the
                  | Orb.
     0 | D        | Reached XP level 1. HP: 18/18 MP: 2/2
     1 | D        | Found a bloodstained altar of Trog.
     1 | D        | Found a sacrificial altar of Ru.
     2 | D        | Found a blossoming altar of Fedhas.
     3 | D        | Found a glowing silver altar of Zin.
     3 | D        | Found a shadowy altar of Dithmenos.
     4 | D        | Found a burning altar of Makhleb.
     4 | D        | Found Tityrur's Identification Station.
     4 | D        | Round 1.
     5 | D        | Found Jakomip's Jewellery.
     5 | D        | Found Caapuan's Advanced Armour.
    10 | D        | Noticed Terence
    12 | D        | Found a glowing golden altar of the Shining One.
    12 | D        | Found an opulent altar of Gozag.
    13 | D        | Found a shimmering altar of Xom.
    14 | D        | Found an ancient bone altar of Kikubaaqudgha.
    15 | D        | Found an iron altar of Okawaru.
    15 | D        | Found a shimmering blue altar of Sif Muna.
    15 | D        | Found Utrypty's Weapon Rack.
    15 | D        | Found Immuff's Premium Goods.
    20 | D        | Slain by Terence

Illustrated notes

Levels and vault maps discovered:
D:        arena_sprint

Action                   || total
-------------------------++-------
 Fire: Shortbow          ||     5
Dodge: Dodged            ||     1

Table legend: (Time is in decaauts)
 A = Elapsed time spent in this place.
 B = Non-inter-level travel time spent in this place.
 C = Inter-level travel time spent in this place.
 D = Time resting spent in this place.
 E = Time spent auto-exploring this place.
 F = Levels seen in this place.
 G = Mean time per level.
                   A        B        C        D        E       F      G
               +--------+--------+--------+--------+--------+-----+--------+
         Total |     26 |     26 |      0 |      0 |      0 |   1 |   26.0 |
       Dungeon |     26 |     26 |      0 |      0 |      0 |   1 |   26.0 |
               +--------+--------+--------+--------+--------+-----+--------+

Top non-repeatable levels by time:
       D: 26 daAuts
